 Dungeon Crawl Stone Soup version 0.25-a0-558-g78a2afb0af (webtiles) character file.

Game seed: 16790968413671262684, levelgen mode: deterministic

5 Gargoyl the Skirmisher (level 1, -6/19 HPs)
             Began as a Centaur Abyssal Knight on Feb 25, 2020.
             Was a Follower of Lugonu.
             Mangled by a reaper
             ... wielding a +0 scythe
              (10 damage)
             ... on level 1 of the Abyss.
             The game lasted 00:00:52 (316 turns).

Gargoyl the Skirmisher (Centaur Abyssal Knight)      Turns: 316, Time: 00:00:53

Health: -6/19      AC:  5    Str: 14    XL:     1   Next: 66%
Magic:  2/2        EV:  9    Int: 11    God:    Lugonu [*.....]
Gold:   19         SH:  0    Dex:  8    Spells: 0/0 levels left

rFire    . . .     SeeInvis .   a - +1 hand axe
rCold    . . .     Gourm    .   (no shield)
rNeg     . . .     Faith    .   b - +1 leather armour
rPois    .         Spirit   .   (no helmet)
rElec    .         Reflect  .   (no cloak)
rCorr    .         Harm     .   (no gloves)
MR       .....                  (no barding)
Stlth    ..........             (no amulet)
HPRegen  0.06/turn              (no ring)
MPRegen  0.08/turn              (no ring)

@: very quick
A: large, hooves 3, deformed body, speed 2, tough skin 3
a: Depart the Abyss, Renounce Religion


You were on level 1 of the Abyss.
You worshipped Lugonu.
Lugonu was aware of your devotion.
You were not hungry.

You visited 0 branches of the dungeon, and saw 0 of its levels.
You visited the Abyss 1 time.

You collected 19 gold pieces.

Inventory:

Hand Weapons
 a - a +1 hand axe (weapon)
Armour
 b - a +1 leather armour (worn)
Comestibles
 c - 2 rations


   Skills:
 + Level 3.2 Fighting
 + Level 1.8 Axes
 + Level 1.4 Armour
 + Level 0.6 Dodging
 + Level 2.0 Invocations


You couldn't memorise any spells.
You didn't know any spells.
Your spell library was empty.

Dungeon Overview and Level Annotations

Branches:
Dungeon (0/15)

Altars:


Innate Abilities, Weirdness & Mutations

You have hooves in place of feet.
Armour fits poorly on your strangely shaped body.
You cover ground very quickly.
You have extremely tough skin. (AC +3)


Message History

It is a scroll of enchant armour.
Your +0 leather armour glows green for a moment.
A deep elf demonologist comes into view.
It is wielding a -3 short sword.
The deep elf demonologist shouts!
A deep elf demonologist is nearby!
A hellion comes into view.
The hellion gives a hideous shriek!
The green death roars!
An apocalypse crab comes into view.
A wretched star comes into view.
The apocalypse crab bites you but does no damage.
The apocalypse crab claws you but does no damage.
A reaper comes into view. It is wielding a +0 scythe.
The reaper hits you from afar with a +0 scythe!
Ouch! That really hurt!
* * * LOW HITPOINT WARNING * * *
Unknown command.
You hit the reaper but do no damage. The reaper hits you with a +0 scythe!
Ouch! That really hurt!
You die...

. .. ...## . .
. . ..... .#.
..# .#... #..
.... #.
..#####.#
###2..
##...#..§# #.
###.# ..#####
##..##
###..§..#
###.###.t.##2##
###2.###t.#@#
###.###..2.#.#
#...* ###..###
#..##..# ..#.
#...# ####..##.
##.# . ###. ..
#.#. # .. ..
##. .#..


You could see a reaper.

Vanquished Creatures
  An ufetubus (Abyss:1)
1 creature vanquished.

Notes
Turn   | Place    | Note
-------+----------+-------------------------------------------
     0 | Abyss:1  | Gargoyl the Centaur Abyssal Knight began the quest for the
                  | Orb.
     0 | Abyss:1  | Reached XP level 1. HP: 19/19 MP: 2/2
    38 | Abyss:1  | Found a corrupted altar of Lugonu.
   197 | Abyss:1  | Noticed a small abomination
   233 | Abyss:1  | Noticed a small abomination
   276 | Abyss:1  | Noticed a deep elf demonologist
   287 | Abyss:1  | Noticed a hellion
   292 | Abyss:1  | Noticed a green death
   297 | Abyss:1  | Noticed an apocalypse crab
   298 | Abyss:1  | Noticed a wretched star
   306 | Abyss:1  | Noticed a reaper
   316 | Abyss:1  | Mangled by a reaper

Levels and vault maps discovered:
Abyss:1:  hangedman_abyss_or_decor_passed, evilmike_abyss_exit_3

Action                   || total
-------------------------++-------
Melee: Hand axe          ||     6
       Kick              ||     1
  Use: Scroll            ||     2
Armor: Leather armour    ||     6
Dodge: Dodged            ||     5

Table legend:
 A = Non-vault XP
 B = Vault XP
 C = Vault XP percentage of total XP
 D = Non-vault monster count
 E = Vault monster count
 F = Vault count percentage of total count
                 A         B        C        D         E       F
            +---------+---------+-------+---------+---------+-------
      Total |       8 |       0 |   0.0 |       1 |       0 |   0.0
            +---------+---------+-------+---------+---------+-------
    Abyss:1 |       8 |       0 |   0.0 |       1 |       0 |   0.0
            +---------+---------+-------+---------+---------+-------
